 Dungeon Crawl Stone Soup version 0.30-a0-1016-gfb0d676c02 (webtiles) character file.

Game seed: 11480041327298399018

13120 gelatine the Blocker (level 11, -6/104 HPs)
             Began as a Troll Fighter on Apr 7, 2023.
             Mangled by a reaper
             ... wielding a +0 scythe of freezing
              (10 damage)
             ... in an ice cave.
             The game lasted 00:32:36 (9590 turns).

gelatine the Blocker (Troll Fighter)                Turns: 9590, Time: 00:32:37

Health: -6/104     AC:  9    Str: 28    XL:     11   Next: 71%
Magic:  10/10      EV: 11    Int:  4    God:
Gold:   614        SH: 16    Dex: 14    Spells: 10/10 levels left

rFire   + . .      SeeInvis .    l - +11 hand axe of Taeckos {heavy, +Blink Will+ Dex+3}
rCold   + . .      Faith    .    c - +0 kite shield
rNeg    . . .      Spirit   .    C - +2 robe {rC+ rF+}
rPois   .          Reflect  +    (helmet restricted)
rElec   .          Rampage  .    i - +2 cloak
rCorr   .                        (gloves unavailable)
Will    +....                    (boots unavailable)
Stlth   ++                       x - amulet of reflection
HPRegen 1.17/turn                (no ring)
MPRegen 0.12/turn                (no ring)

@: mighty
A: large, unfitting armour, claws 3, regeneration 1, shaggy fur 1, tough skin 1
a: Evoke Blink


You were in an ice cave.
You visited 3 branches of the dungeon, and saw 13 of its levels.
You also visited: Ice Cave.

You collected 614 gold pieces.

Inventory:

Hand Weapons
 a - a +0 war axe
 l - the +11 hand axe of Taeckos (weapon) {heavy, +Blink Will+ Dex+3}
   (You found it on level 2 of the Dungeon)

   Dex:       It affects your dexterity (+3).
   +Blink:    It lets you blink.
   Will:      It increases your willpower.
 y - the +8 rapier of the Shrike {freeze, Fly Str+6 Int-3}
   (You found it on level 7 of the Dungeon)

   Str:       It affects your strength (+6).
   Int:       It affects your intelligence (-3).
   Fly:       It grants you flight.
Missiles
 b - 2 throwing nets
 p - a boomerang (quivered)
Armour
 c - a +0 kite shield (worn)
 g - a +0 robe of positive energy
 i - a +2 cloak (worn)
 A - +0 acid dragon scales
 C - a +2 robe of resistance (worn)
 F - a +2 robe of willpower
 K - +0 steam dragon scales
Jewellery
 x - an amulet of reflection (around neck)
Wands
 t - a wand of polymorph (9)
 w - a wand of roots (10)
 J - a wand of flame (13)
 N - a wand of light (3)
Scrolls
 e - 3 scrolls of poison
 f - 2 scrolls of vulnerability
 m - a scroll of acquirement
 o - 2 scrolls of fog
 s - a scroll of enchant armour {unknown}
 z - a scroll of summoning {unknown}
 B - 3 scrolls of immolation
 G - 2 scrolls of teleportation
 H - 2 scrolls of fear {unknown}
 M - a scroll of identify
Potions
 d - 2 potions of might
 j - a potion of magic
 k - 4 potions of flight
 n - 6 potions of ambrosia
 q - 3 potions of curing
 r - 2 potions of brilliance
 u - 2 potions of berserk rage
 v - 3 potions of haste
 E - a potion of cancellation
 I - a potion of lignification
 L - a potion of invisibility {unknown}


   Skills:
 * Level 5.4 Fighting
 * Level 9.0 Axes
 + Level 2.3 Throwing
 + Level 2.9 Armour
 * Level 6.9 Dodging
 + Level 0.7 Stealth
 * Level 9.2 Shields
 * Level 5.0 Evocations


You had 10 spell levels left.
You didn't know any spells.
Your spell library contained the following spells:

 Spells                   Type           Power      Damage    Failure   Level
 Freeze                   Ice            0%         1d3       73%         1
 Kiss of Death            Conj/Necr      0%         2d5       73%         1
 Cigotuvi's Dreadful Rot  Necr/Pois/Air  0%         N/A       86%         2
 Ensorcelled Hibernation  Hex/Ice        0%         N/A       86%         2
 Passwall                 Tmut/Erth      0%         N/A       86%         2
 Dazzling Flash           Conj/Hex       0%         N/A       97%         3
 Frozen Ramparts          Ice            0%         1d1       97%         3
 Gell's Gravitas          Tloc           0%         N/A       97%         3
 Hailstorm                Conj/Ice       0%         3d3       97%         3
 Ignite Poison            Fire/Tmut/Pois 0%         N/A       97%         3
 Inner Flame              Hex/Fire       0%         N/A       97%         3
 Spider Form              Tmut/Pois      0%         N/A       97%         3
 Swiftness                Air            0%         N/A       97%         3
 Teleport Other           Tloc           0%         N/A       97%         3
 Volatile Blastmotes      Fire/Tloc      0%         2d10      97%         3
 Anguish                  Hex/Necr       0%         N/A       100%        4
 Agony                    Necr           0%         N/A       100%        5
 Freezing Cloud           Conj/Ice/Air   0%         6-21      100%        5
 Silence                  Hex/Air        0%         N/A       100%        5
 Yara's Violent Unravell  Hex/Tmut       0%         3d3       100%        5
 Dispersal                Tloc           0%         N/A       100%        6
 Enfeeble                 Hex            0%         N/A       100%        7


Dungeon Overview and Level Annotations

Branches:
Dungeon (11/15)            Temple (1/1) D:6            Lair (1/5) D:11
  IceCv (1/1)
    Orc: D:9-12

Altars:
Ashenzari
Cheibriados
Dithmenos
Elyvilon
Fedhas
Gozag
Hepliaklqana
Kikubaaqudgha
Makhleb
Nemelex Xobeh
Okawaru
Qazlal
Ru
Sif Muna
Trog
Uskayaw
Vehumet
Wu Jian
Xom
Yredelemnul
Zin
The Shining One

Shops:
D:7 (*   D:8 [


Innate Abilities, Weirdness & Mutations

You are too large for most types of armour.
You have claws for hands.
Your natural rate of healing is unusually fast.
You are covered in fur. (AC +1)
You have tough skin. (AC +1)


Message History

You resist.
The two-headed hydra simulacrum misses you.
You block the reaper's attack.
You feel very mighty all of a sudden.
The two-headed hydra simulacrum misses you.
You block the two-headed hydra simulacrum's attack.
The reaper closely misses you.
You closely miss the reaper.
You chop one of the two-headed hydra simulacrum's heads off!
You hit the one-headed hydra simulacrum.
The one-headed hydra simulacrum closely misses you.
The reaper smiles without lips.
The reaper hits you with a +0 scythe of freezing!!
The reaper freezes you.
You slice the reaper!!
The reaper is moderately wounded.
You lop the one-headed hydra simulacrum's last head off!
The one-headed hydra simulacrum vaporises!
The reaper hits you with a +0 scythe of freezing!!
The reaper freezes you.
* * * LOW HITPOINT WARNING * * *
You block the reaper's attack.
Your Axes skill increases to level 9!
You hit the reaper.
The reaper is moderately wounded.
You block the reaper's attack.
Unknown command.
You hit the reaper.
The reaper is moderately wounded.
The reaper smiles without lips.
You block the reaper's attack.
Unknown command.
You closely miss the reaper.
The reaper is moderately wounded.
The reaper hits you with a +0 scythe of freezing!!
* * * LOW HITPOINT WARNING * * *
The reaper freezes you.
* * * LOW HITPOINT WARNING * * *
The reaper hits you with a +0 scythe of freezing!
You die...

############## #### #
##.#..##.#....## ###... #
##...#.#.#.#2...## ###.....
##
##..####..##@##...####...###.
.# #..### ###≈≈≈≈###..#...###
## .#
##...#####≈≈≈≈≈##...#########
.##
###..##.#.##≈≈##########...#
..# #..#......##≈# ##.....##.
.## ###.#####..###
##...⌠...## .# #....#....##
#...).[..## .##
########.###..# #...#######
..####.#....####...## ###.#
##


You could see a reaper.

Vanquished Creatures
  A two-headed ogre (D:11)
  2 oklob plants (D:11)
  An ice statue (IceCv)
  Maurice (D:10)
  Psyche (D:9)
  A komodo dragon (Lair:1)
  An anaconda simulacrum (IceCv)
  2 burning bushes (Lair:1)
  A queen bee (D:9)
  Grinder (D:4)
  A hornet (D:8)
  3 dire elephant simulacra (IceCv)
  A shadow (D:10)
  3 wyverns
  3 steam dragons
  3 death yak simulacra (IceCv)
  3 water moccasins
  2 acid dragons
  2 hydra simulacra (IceCv)
  3 ice beasts
  3 orc warriors (D:8)
  6 wolves (Lair:1)
  2 ogres
  3 centaurs
  2 phantoms (D:5)
  2 kobold brigands
  Blork the orc (D:4)
  A bullfrog (D:6)
  6 scorpions
  7 two-headed ogre simulacra (IceCv)
  A gnoll sergeant (D:7)
  A cane toad simulacrum (IceCv)
  3 wights (D:9)
  37 killer bees
  An elephant simulacrum (IceCv)
  A howler monkey (D:6)
  4 jellies
  3 gnoll boudas
  A human zombie (D:7)
  Crazy Yiuf (D:6)
  4 hounds
  10 orc priests
  3 sleepcaps
  6 iguanas
  12 orc wizards
  5 troll simulacra (IceCv)
  3 polar bear simulacra (IceCv)
  2 spriggan simulacra (IceCv)
  2 wolf simulacra (IceCv)
  22 gnolls
  12 adders
  8 naga simulacra (IceCv)
  A shadow imp (D:6)
  20 white imps
  11 ufetubi
  A worm (D:4)
  2 dart slugs
  28 orcs
  7 bats
  6 endoplasms
  5 giant cockroaches
  12 goblins
  A hobgoblin (D:2)
  3 jackals (D:1)
  2 quokkas
  11 ball pythons
  3 frilled lizards
  A hobgoblin zombie (D:7)
  A jackal zombie (D:7)
  16 kobolds
  A kobold zombie (D:7)
  4 rats
347 creatures vanquished.

Vanquished Creatures (others)
  3 plants (D:11)
3 creatures vanquished.

Grand Total: 350 creatures vanquished

Notes
Turn   | Place    | Note
-------+----------+-------------------------------------------
     0 | D:1      | gelatine the Troll Fighter began the quest for the Orb.
     0 | D:1      | Reached XP level 1. HP: 22/22 MP: 0/0
   315 | D:1      | Reached XP level 2. HP: 29/29 MP: 1/1
  1207 | D:2      | Reached XP level 3. HP: 36/36 MP: 2/2
  1353 | D:2      | Reached XP level 4. HP: 44/44 MP: 3/3
  1464 | D:2      | Identified the +11 hand axe of Taeckos {heavy, +Blink Will+
                  | Dex+3}
  1916 | D:3      | Reached XP level 5. HP: 32/52 MP: 4/4
  2026 | D:3      | Reached XP level 6. HP: 59/59 MP: 5/5
  2422 | D:4      | Reached skill level 1 in Evocations
  2547 | D:4      | Noticed Blork the orc
  2591 | D:4      | Killed Blork the orc
  2640 | D:4      | Reached XP level 7. HP: 51/67 MP: 6/6
  2667 | D:4      | Noticed Grinder
  2681 | D:4      | Killed Grinder
  2682 | D:4      | Reached skill level 1 in Throwing
  2705 | D:4      | Found a shadowy altar of Dithmenos.
  3092 | D:5      | Entered Level 5 of the Dungeon
  3192 | D:5      | Reached XP level 8. HP: 36/75 MP: 7/7
  3302 | D:5      | Reached skill level 5 in Axes
  3425 | D:5      | Reached skill level 5 in Shields
  4167 | D:6      | Reached XP level 9. HP: 70/84 MP: 8/8
  4182 | D:6      | Found a staircase to the Ecumenical Temple.
  4189 | Temple   | Entered the Ecumenical Temple
  4923 | D:6      | Found a runed translucent door.
  4924 | D:6      | Noticed Crazy Yiuf
  4928 | D:6      | Killed Crazy Yiuf
  4972 | D:6      | Reached skill level 5 in Dodging
  5114 | D:7      | Identified the +8 rapier of the Shrike {freeze, Fly Str+6
                  | Int-3}
  5224 | D:7      | You fall into a shaft and drop 2 floors!
  5385 | D:9      | Noticed a queen bee
  5521 | D:8      | Found Akiklupa's Armour Boutique.
  5562 | D:8      | Paralysed by a hornet for 3 turns
  5845 | D:7      | Reached XP level 10. HP: 93/94 MP: 9/9
  5933 | D:7      | Found Todedgh's Antique Weapon Shop.
  5963 | D:7      | Found Weppao's Assorted Antiques.
  6007 | D:7      | Reached skill level 1 in Armour
  6043 | D:7      | Identified a scroll of acquirement
  7010 | D:9      | Found a stormy altar of Qazlal.
  7023 | D:9      | Noticed Psyche
  7028 | D:9      | Killed Psyche
  7776 | D:10     | Entered Level 10 of the Dungeon
  7984 | D:10     | Got the Guide on Shadowy Ignition
  8044 | D:10     | Noticed Maurice
  8061 | D:10     | Killed Maurice
  8062 | D:10     | Reached XP level 11. HP: 101/101 MP: 10/10
  8286 | D:11     | Noticed a two-headed ogre
  8294 | D:11     | Killed a two-headed ogre
  8337 | D:11     | Noticed an oklob plant
  8341 | D:11     | Found a staircase to the Lair.
  8341 | D:11     | Noticed an oklob plant
  8347 | D:11     | Killed an oklob plant
  8352 | D:11     | Killed an oklob plant
  8359 | Lair:1   | Entered Level 1 of the Lair of Beasts
  8370 | Lair:1   | Reached skill level 5 in Fighting
  8571 | Lair:1   | Found a frozen archway.
  8637 | IceCv    | Entered an ice cave
  9140 | IceCv    | Noticed a reaper
  9272 | IceCv    | Reached skill level 5 in Evocations
  9590 | IceCv    | HP: 4/104 [reaper/+0 scythe of freezing (2)]
  9590 | IceCv    | Mangled by a reaper

Illustrated notes

Levels and vault maps discovered:
D:1:      psy_arrival_radial01, layout_basic, serial_rivers,
          chequers_serial_rivers_micro_a, chequers_serial_rivers_micro_c,
          chequers_serial_rivers_large_a, chequers_serial_rivers_room_b,
          chequers_serial_rivers_micro_e, chequers_serial_rivers_small_a
D:2:      minmay_recursive_quarters, layout_rooms
D:3:      layout_basic, kennysheep_generic_room_7
D:4:      layout_basic, mainiacjoe_overflow_catwalk,
          hangedman_abyss_or_decor_stabs, uniq_blork_the_orc, uniq_grinder
D:5:      layout_basic, kennysheep_decorative_pillar
D:6:      layout_gridville, minmay_temple_entry_proselytizer,
          kennysheep_nondescript, minmay_misc_feat_x, hangedman_decor_slide_cut,
          uniq_crazy_yiuf_cottage
D:7:      layout_basic, enter_ossuary_3, serial_shops, shop, shop,
          chequers_serial_rivers_micro_d
D:8:      layout_gridville, serial_shops, nicolae_take_the_stairs
D:9:      layout_roguey [special_room_bee], grunt_qazlal_clouds, uniq_psyche
D:10:     layout_basic, uniq_maurice
D:11:     layout_rooms, dpeg_oklobed_lair, orc_david_3
Temple:   nicolae_temple_slightly_damp_pantheon
Lair:1:   hellmonk_destroyed_diamonds, layout_regular_city,
          portal_ice_cave_entry_imps, st_stairs_10, evilmike_ambush
          [evilmike_ambush_outer_basic, evilmike_ambush_inner_basic]
IceCv:    ice_cave_caverns_02

Skill      XL: |  1  2  3  4  5  6  7  8  9 10 11 |
---------------+----------------------------------+-----
Shields        | 3 4 5 6 8 9 |  9.2
Axes           | 2 3 4 5 7 8 9 |  9.0
Dodging        | 3 4 5 6 |  6.9
Evocations     | 1 2 3 4 5 |  5.0
Fighting       | 3 4 5 |  5.4
Throwing       | 1 2 |  2.3
Armour         | 2 |  2.9
Stealth        | |  0.7

Action                     |  1- 3 |  4- 6 |  7- 9 | 10-12 || total
---------------------------+-------+-------+-------+-------++-------
  Melee: War axe           |   126 |     3 |       |       ||   129
         Hand axe          |       |    72 |   222 |   348 ||   642
  Throw: Boomerang         |       |    16 |    17 |    22 ||    55
Ability: Evoke Blink       |       |       |     1 |       ||     1
    Use: Scroll            |       |       |    15 |     7 ||    22
         Potion            |       |       |     5 |     2 ||     7
   Stab: Sleeping          |     2 |     1 |     1 |       ||     4
         Distracted        |       |       |     1 |       ||     1
 Armour: Robe              |    97 |    32 |    67 |    33 ||   229
         Acid dragon scale |       |       |    22 |   109 ||   131
  Dodge: Dodged            |    73 |    26 |   130 |   150 ||   379
  Block: Kite shield       |    87 |    42 |   209 |   364 ||   702
         Reflection        |       |       |     4 |    23 ||    27

Table legend: (Time is in decaauts)
 A = Elapsed time spent in this place.
 B = Non-inter-level travel time spent in this place.
 C = Inter-level travel time spent in this place.
 D = Time resting spent in this place.
 E = Time spent auto-exploring this place.
 F = Levels seen in this place.
 G = Mean time per level.
                   A        B        C        D        E       F      G
               +--------+--------+--------+--------+--------+-----+--------+
         Total |  10017 |   9519 |    498 |     31 |   6648 |  14 |  715.5 |
       Dungeon |   8531 |   8054 |    477 |     31 |   5770 |  11 |  775.5 |
        Temple |    189 |    168 |     21 |      0 |    147 |   1 |  189.0 |
          Lair |    290 |    290 |      0 |      0 |    121 |   1 |  290.0 |
      Ice Cave |   1004 |   1004 |      0 |      0 |    610 |   1 | 1004.0 |
               +--------+--------+--------+--------+--------+-----+--------+

Top non-repeatable levels by time:
     D:1: 1128 daAuts
     D:9: 1120 daAuts
     D:5: 1109 daAuts
   IceCv: 1004 daAuts
     D:8: 872 daAuts
     D:6: 801 daAuts
     D:7: 773 daAuts
     D:2: 733 daAuts
     D:4: 719 daAuts
     D:3: 666 daAuts
    D:10: 510 daAuts
  Lair:1: 290 daAuts
  Temple: 189 daAuts
    D:11: 95 daAuts
